Map: Ruby Rock LE

Players

Yocto - Winner!

  • Race: Zerg Zerg
  • League: Diamond
  • Spawn Location: 5:00

HoldTheDoor

  • Race: Protoss Protoss
  • League: Diamond
  • Spawn Location: 11:00

VOD

Have the link to the VOD?

Description

Time

  • Played on: May 23, 2026, 11:59 a.m.
  • Length: 10:04
Show
View Real Time Build Order
Export as new Build Order

Yocto Zerg - Winner!

Build Orders: Hatch First 

Get SALT Encoding   

  12  0:00  Drone  
  13  0:13  Overlord  
  13  0:18  Drone  
  14  0:33  Drone  
  15  0:43  Hatchery  
  15  0:47  Drone  
  15  0:54  Drone  
  15  0:57  Drone  
  17  0:59  Drone  
  18  1:28  Drone x2  
  18  1:31  Extractor  
  19  1:43  Spawning Pool  
  19  1:44  Drone  
  19  1:51  Drone  
  20  1:55  Drone  
  20  1:57  Drone  
  22  2:10  Drone x2  
  24  2:20  Overlord  
  24  2:26  Drone  
  24  2:28  Drone  
  26  2:30  Drone  
  27  2:38  Queen x2  
  27  2:41  Zergling x2  
  27  2:42  Zergling x2  
  33  2:48  Metabolic Boost  
  33  2:59  Hatchery  
  32  3:10  Drone x3  
  32  3:11  Drone  
  36  3:15  Overlord  
  36  3:25  Pneumatized Carapace  
  36  3:32  Overlord  
  36  3:33  Queen  
  38  3:36  Drone  
  38  3:37  Drone x2  
  41  3:45  Drone x2  
  43  3:52  Drone  
  43  3:53  Drone x6  
  50  4:04  Overlord  
  50  4:05  Roach Warren  
  50  4:09  Overlord  
  49  4:22  Extractor  
  48  4:24  Extractor  
  48  4:27  Drone x2  
  48  4:28  Drone x4  
  48  4:30  Evolution Chamber  
  52  4:36  Extractor  
  52  4:37  Overlord x2  
  51  4:40  Queen  
  53  4:46  Lair  
  53  4:56  Roach x2  
  53  4:57  Roach x4  
  53  4:59  Spore Crawler  
  64  5:03  Spore Crawler  
  63  5:12  Zergling x8  
  63  5:13  Zergling x12  
  71  5:34  Zergling x6  
  76  5:46  Overseer  
  74  5:51  Roach x3  
  74  5:52  Roach x2  
  72  6:16  Glial Reconstitution  
  72  6:20  Overlord x4  
  72  6:23  Hatchery  
  71  6:34  Roach  
  71  6:35  Roach x5  
  83  6:40  Zerg Ground Armor Level 1  
  83  6:42  Roach x3  
  89  6:51  Roach x2  
  93  7:01  Roach x4  
  101  7:07  Ravager  
  101  7:08  Ravager x2  
  104  7:09  Overlord  
  104  7:11  Roach  
  106  7:22  Overseer x2  
  106  7:26  Roach x4  
  106  7:27  Roach  
  116  7:39  Roach  
  116  7:40  Roach x6  
  130  7:49  Overlord x2  
  130  8:01  Overlord x2  
  130  8:06  Queen  
  130  8:12  Overlord x3  
  132  8:26  Zergling x2  
  132  8:27  Roach x6  
  136  8:44  Zergling x2, Roach  
  136  8:45  Roach x4  
  136  8:46  Roach  
  146  9:10  Zergling x2, Roach x2  
  146  9:11  Roach x6  
  151  9:26  Roach x2  
  155  9:39  Ravager  
  155  9:41  Overlord x2, Hatchery  
  155  9:42  Overlord  
Show
View Real Time Build Order
Export as new Build Order

HoldTheDoor Protoss 

Build Orders: 1 Gate Expand, Archon Immortal, Archon Drop, Dark Templar Rush 

Get SALT Encoding   

  12  0:00  Probe  
  13  0:12  Probe  
  14  0:20  Pylon  
  14  0:24  Probe  
  15  0:34  Probe  
  15  0:41  Gateway  
  15  0:42  Probe  
  17  0:50  Assimilator  
  17  0:52  Probe  
  18  1:04  Probe  
  19  1:13  Pylon  
  19  1:16  Probe  
  20  1:26  Nexus  
  20  1:36  Cybernetics Core  
  20  1:38  Probe  
  21  1:46  Pylon  
  21  1:50  Probe  
  22  1:56  Assimilator  
  22  2:03  Probe  
  23  2:10  Stalker  
  25  2:21  Warp Gate  
  25  2:25  Probe  
  26  2:37  Probe  
  26  2:40  Adept  
  29  2:49  Probe  
  30  2:52  Probe  
  31  3:00  Gateway  
  31  3:03  Pylon  
  31  3:05  Probe  
  32  3:06  Twilight Council  
  32  3:08  Probe  
  33  3:13  Robotics Facility  
  33  3:17  Probe  
  34  3:21  Probe  
  34  3:22  Assimilator  
  35  3:29  Probe  
  35  3:33  Probe  
  37  3:41  Probe  
  38  3:45  Probe  
  39  3:50  Warp Prism  
  39  3:53  Probe  
  40  3:56  Dark Shrine  
  40  3:58  Pylon  
  40  4:00  Pylon  
  42  4:05  Gateway  
  42  4:11  Probe  
  42  4:12  Gateway  
  42  4:15  Probe  
  44  4:23  Probe  
  45  4:29  Probe  
  46  4:33  Adept x2  
  50  4:39  Nexus  
  50  4:43  Pylon  
  50  4:46  Probe x2  
  52  4:53  Pylon  
  52  4:58  Probe x2  
  54  5:10  Dark Templar x4  
  62  5:31  Probe x2  
  64  5:41  Shield Battery  
  64  5:44  Charge  
  64  5:46  Forge  
  64  5:57  Protoss Ground Weapons Level 1  
  64  6:00  Zealot  
  64  6:01  Zealot x3  
  70  6:11  Archon x2  
  70  6:12  Probe x2  
  70  6:15  Probe  
  70  6:17  Immortal  
  77  6:24  Probe  
  77  6:25  Probe  
  79  6:27  Probe  
  79  6:28  Pylon  
  80  6:32  Gateway  
  80  6:34  Gateway  
  80  6:35  Gateway  
  80  6:36  Probe  
  80  6:37  Probe, Zealot x3  
  80  6:38  Zealot  
  80  6:39  Probe  
  91  6:40  Gateway  
  91  6:43  Pylon  
  91  6:47  Gateway  
  91  6:48  Gateway  
  91  6:49  Probe x2  
  93  6:57  Immortal  
  93  6:58  Dark Templar  
  93  7:00  Dark Templar x3  
  101  7:03  Archon  
  101  7:04  Archon  
  105  7:14  Pylon  
  105  7:17  Pylon  
  105  7:18  Pylon  
  105  7:30  Pylon  
  105  7:33  Photon Cannon  
  105  7:35  Shield Battery  
  105  7:37  Shield Battery  
  105  7:38  Zealot x2  
  105  7:39  Zealot x3, Immortal  
  105  7:41  Zealot x2  
  105  7:43  Zealot  
  126  7:51  Probe, Protoss Ground Armor Level 1  
  126  8:08  Photon Cannon  
  126  8:11  Photon Cannon  
  126  8:12  Shield Battery x2  
  126  8:14  Dark Templar, Pylon  
  126  8:15  Dark Templar  
  130  8:20  Archon  
  130  8:32  Photon Cannon  
  130  8:33  Photon Cannon  
  128  8:34  Photon Cannon  
  128  8:37  Photon Cannon, Pylon  
  128  8:40  Photon Cannon  
  118  8:44  Zealot x4  
  89  9:05  Zealot x3  
  89  9:06  Zealot x5  
  80  9:18  Zealot x2  
  84  9:24  Immortal  
  84  9:38  Probe x2  
  90  9:45  Robotics Facility, Probe  
  91  9:47  Gateway  
  91  9:48  Gateway  
  91  9:50  Dark Templar x4, Probe  
  92  10:00  Archon x2  
Tags
 
Add a new tag
Caveats
  • Supply blocks, unpowered buildings, or Contaminate may cause inaccurate times.
  • Supply counts are checked every 10 seconds.